 Dungeon Crawl Stone Soup version 0.20.1-1-g8b1a95d (console) character file.

1194 hilaritas the Slicer (level 8, -3/54 HPs)
             Began as a Halfling Fighter on Feb 18, 2018.
             Was a Follower of Okawaru.
             Slain by a two-headed ogre
             ... wielding a +0 dire flail
              (8 damage)
             ... on level 5 of the Dungeon.
             The game lasted 00:15:29 (5414 turns).

hilaritas the Slicer (Halfling Fighter)             Turns: 5414, Time: 00:15:29

Health: -3/54      AC:  6    Str: 19    XL:     8   Next: 71%
Magic:  7/9        EV: 15    Int:  6    God:    Okawaru [*.....]
Gold:   24         SH: 12    Dex: 14    Spells: 5/7 levels left

rFire    . . .     SeeInvis .   B - +0 short sword (speed)
rCold    . . .     Gourm    .   c - +0 shield
rNeg     . . .     Faith    .   D - +0 leather armour of Weirdness {+Blink}
rPois    .         Spirit   .   q - +0 helmet
rElec    .         Reflect  .   z - scarf {repulsion}
rCorr    +         Harm     .   i - +0 pair of gloves
MR       .....                  (no boots)
Stlth    +++.......             n - amulet of regeneration
Regen    0.6/turn               j - ring of resist corrosion
MPRegen  0.2/turn               (no ring)

@: heroism, repel missiles
A: mutation resistance 1
a: Heroism, Renounce Religion, Evoke Blink


You were on level 5 of the Dungeon.
You worshipped Okawaru.
Okawaru was aware of your devotion.
You were hungry.

You visited 2 branches of the dungeon, and saw 6 of its levels.

You collected 248 gold pieces.
You spent 224 gold pieces at shops.

Inventory:

Hand Weapons
 a - a +0 rapier
 g - a +0 hunting sling
 B - a +0 short sword of speed (weapon)
Missiles
 e - 26 sling bullets
 y - 25 stones (quivered)
Armour
 c - a +0 shield (worn)
 i - a +0 pair of gloves (worn)
 q - a +0 helmet (worn)
 z - a scarf of repulsion (worn)
 D - the +0 leather armour of Weirdness (worn) {+Blink}
   (You bought it in a shop on level 5 of the Dungeon)

   It lets you blink.
Jewellery
 j - a ring of resist corrosion (left hand)
 n - an amulet of regeneration (around neck)
Wands
 v - a wand of flame (22/48)
 x - a wand of iceblast (8/15)
 E - a wand of iceblast (12/15)
Scrolls
 b - a scroll of remove curse
 u - 3 scrolls of magic mapping
 w - 3 scrolls of teleportation
 A - a scroll of fog
Potions
 d - a potion of might
 k - a potion of haste
 l - a potion of flight
 m - 2 potions of mutation
 o - 2 potions of curing {unknown}
 p - 2 potions of brilliance
 r - 4 potions of heal wounds
 s - a potion of magic {unknown}
 C - a potion of agility {unknown}
Comestibles
 f - 3 bread rations
 h - 2 meat rations
 t - a royal jelly


   Skills:
 * Level 4.9(9.9) Fighting
 - Level 8.3(13.3) Short Blades
 * Level 3.2(8.2) Slings
 - Level 3.2(8.2) Armour
 + Level 5.6(10.6) Shields
 * Level 2.6 Invocations


You had 5 spell levels left.
You knew the following spells:

 Your Spells              Type           Power        Failure   Level  Hunger
a - Sticks to Snakes      Tmut           #.......     92%         2    ###....


Dungeon Overview and Level Annotations

Branches:
Dungeon (5/15)             Temple (1/1) D:4

Altars:
Ashenzari
Cheibriados
Dithmenos
Elyvilon
Fedhas
Hepliaklqana
Nemelex Xobeh
Okawaru
Ru
Sif Muna
Trog
Uskayaw
Xom
Yredelemnul
The Shining One

Shops:
D:5 [


Innate Abilities, Weirdness & Mutations

You are small and have problems with some larger weapons.
You are somewhat resistant to further mutation.


Message History

Firing (i - inventory. (,) - cycle):
e - 27 sling bullets (quivered)
Press: ? - help, Shift-Dir - straight line, f/p - two-headed ogre
Aim: a two-headed ogre, wielding a dire flail and a giant club (moderately wounded)
You shoot a sling bullet.
The sling bullet hits the two-headed ogre.
The two-headed ogre is moderately wounded.
Okay, then.
Wield which item (- for none, * to show all)? (? for menu, Esc to quit)
Your hands tingle!
B - a +0 short sword of speed (weapon)
The two-headed ogre hits you with a dire flail!!
Ouch! That really hurt!
The two-headed ogre hits you with a giant club!!
* * * LOW HITPOINT WARNING * * *
You gain the combat prowess of a mighty hero.
You hit the two-headed ogre.
The two-headed ogre is moderately wounded.
You block the two-headed ogre's attack.
The two-headed ogre hits you with a giant club!
You die...

........## #.#
#.#......######.#
#.#.#...........#
#.#.##.##########
....##.# ######.#
# #.# #.# #.#
######## #.#
#......# #.#
#.####@# #.# #.#
#O# #.# ##.####(#
###.###......(#
####.∩..##..###..#
............# #..#
#####...###......#
##.## #####.## #.#
#.# #.# #.# ##'##
#.#


You could see a two-headed ogre.

Vanquished Creatures
  Edmund (D:5)
  An ice beast (D:5)
  A sky beast (D:5)
  A phantom (D:5)
  An ogre (D:4)
  Blork the orc (D:5)
  A bullfrog (D:3)
  2 scorpions (D:4)
  A hound (D:5)
  A gnoll shaman (D:4)
  A centaur skeleton (D:5)
  Ijyb (D:5)
  An orc wizard (D:5)
  Natasha (thrice) (D:4)
  5 worker ants
  5 adders
  3 gnolls (D:4)
  2 adder skeletons (D:4)
  3 dart slugs
  9 orcs
  A ball python (D:1)
  3 bats
  2 giant cockroaches
  5 hobgoblins
  7 jackals
  5 kobolds
  3 frilled lizards
  9 goblins
  A quokka zombie (D:5)
  3 rats
83 creatures vanquished.

Notes
Turn   | Place    | Note
-------+----------+-------------------------------------------
     0 | D:1      | hilaritas the Halfling Fighter began the quest for the Orb.
     0 | D:1      | Reached XP level 1. HP: 15/15 MP: 1/1
    75 | D:1      | Reached XP level 2. HP: 20/20 MP: 2/2
   421 | D:1      | Reached XP level 3. HP: 26/26 MP: 3/3
   439 | D:1      | Reached skill level 3 in Short Blades
  1441 | D:2      | Reached XP level 4. HP: 31/31 MP: 4/4
  1745 | D:3      | Noticed a bullfrog
  1756 | D:3      | Killed a bullfrog
  1756 | D:3      | Reached skill level 4 in Short Blades
  1756 | D:3      | Reached XP level 5. HP: 28/36 MP: 5/5
  1868 | D:3      | Reached skill level 5 in Short Blades
  2535 | D:4      | Noticed an ogre
  2543 | D:4      | Killed an ogre
  2543 | D:4      | Reached skill level 6 in Short Blades
  2543 | D:4      | Reached XP level 6. HP: 32/42 MP: 6/6
  2744 | D:4      | Reached XP level 7. HP: 46/47 MP: 7/7
  2760 | D:4      | Found a staircase to the Ecumenical Temple.
  2798 | Temple   | Entered the Ecumenical Temple
  2836 | Temple   | Became a worshipper of Warmaster Okawaru
  3178 | D:4      | Noticed Natasha
  3185 | D:4      | Killed Natasha
  3185 | D:4      | Reached skill level 7 in Short Blades
  4033 | D:4      | Noticed Natasha
  4041 | D:4      | Killed Natasha
  4041 | D:4      | Reached skill level 5 in Shields
  4381 | D:4      | Noticed Natasha
  4386 | D:4      | Killed Natasha
  4407 | D:5      | Entered Level 5 of the Dungeon
  4430 | D:5      | Noticed Blork the orc
  4445 | D:5      | Killed Blork the orc
  4445 | D:5      | Reached skill level 1 in Invocations
  4612 | D:5      | Noticed Edmund
  4632 | D:5      | Killed Edmund
  4632 | D:5      | Reached * piety under Okawaru
  4632 | D:5      | Reached skill level 8 in Short Blades
  4632 | D:5      | Reached XP level 8. HP: 28/54 MP: 7/9
  4734 | D:5      | Found a sparkling altar of Nemelex Xobeh.
  4735 | D:5      | Found a shadowy altar of Dithmenos.
  4735 | D:5      | Found a deep blue altar of Sif Muna.
  4737 | D:5      | Found a glowing golden altar of the Shining One.
  4738 | D:5      | Found a white marble altar of Elyvilon.
  4739 | D:5      | Found a blossoming altar of Fedhas.
  4739 | D:5      | Found a snail-covered altar of Cheibriados.
  4740 | D:5      | Found a shimmering altar of Xom.
  4778 | D:5      | Reached skill level 1 in Slings
  4962 | D:5      | Found Aghigh's Armour Boutique.
  5047 | D:5      | Bought the +0 leather armour of Weirdness {+Blink} for 224 gold pieces
  5220 | D:5      | Noticed Ijyb
  5257 | D:5      | Killed Ijyb
  5272 | D:5      | Learned a level 2 spell: Sticks to Snakes
  5408 | D:5      | Noticed a two-headed ogre
  5412 | D:5      | HP: 4/54 [two-headed ogre/dire flail (21)]
  5414 | D:5      | Slain by a two-headed ogre

Skill      XL: |  1  2  3  4  5  6  7  8 |
---------------+-------------------------+-----
Fighting       | 3 4 |  4.9
Short Blades   | 3 4 6 8 |  8.3
Shields        | 4 5 |  5.6
Invocations    | 1 2 |  2.6
Slings         | 3 |  3.2
Armour         | |  3.2

Action                   |  1- 3 |  4- 6 |  7- 9 || total
-------------------------+-------+-------+-------++-------
Melee: Rapier            |    82 |    98 |   128 ||   308
       Short sword       |       |       |    99 ||    99
 Fire: Hunting sling     |       |     5 |    28 ||    33
Invok: Heroism           |       |       |     1 ||     1
  Use: Scroll            |     9 |     1 |     3 ||    13
       Potion            |       |       |     1 ||     1
  Eat: Chunk             |     1 |     5 |     5 ||    11
       Fruit             |       |       |     3 ||     3
Armor: Scale mail        |    22 |    22 |    35 ||    79
       Leather armour    |       |       |    10 ||    10
Dodge: Dodged            |    24 |    25 |    37 ||    86
       Deflected         |       |       |     1 ||     1
Block: Shield            |    42 |    30 |    66 ||   138
